 Dungeon Crawl Stone Soup version 0.19-a0-1815-g4007336 (webtiles) character file.

4632 KarmaPolice the Slicer (level 10, -2/77 HPs)
             Began as a Vampire Assassin on Oct 6, 2016.
             Splashed by an oklob plant's acid (14 damage)
             ... on level 8 of the Dungeon.
             The game lasted 00:32:40 (15207 turns).

KarmaPolice the Slicer (Vampire Assassin)          Turns: 15207, Time: 00:32:41

Health: -2/77      AC:  7    Str: 11    XL:     10   Next: 20%
Magic:  13/13      EV: 12    Int: 14    God:
Gold:   273        SH:  0    Dex: 18    Spells: 0 memorised, 13 levels left

rFire  . . .     SeeInvis +     r - +2 dagger (speed)
rCold  + . .     Gourm    .     c - +0 robe
rNeg   + . .     Faith    .     (no shield)
rPois  .         Spirit   .     l - +2 helmet
rElec  .         Dismiss  .     d - +0 cloak
rCorr  .         Reflect  .     I - +2 pair of gloves
MR     +....     Harm     .     h - +0 pair of boots
Stlth  ++++......               J - amulet of regeneration
                                j - ring of protection from cold
                                (no ring)

@: corroded
A: fangs 3, see invisible, unbreathing
a: Bat Form


You were on level 8 of the Dungeon.
You were not thirsty.

You visited 2 branches of the dungeon, and saw 9 of its levels.

You collected 357 gold pieces.
You spent 84 gold pieces at shops.

Inventory:

Hand Weapons
 b - a +0 blowgun
 r - a +2 dagger of speed (weapon)
Missiles
 e - 46 poisoned needles
 f - 2 curare-tipped needles
 H - 2 throwing nets (quivered)
Armour
 c - a +0 robe (worn)
 d - a +0 cloak (worn)
 h - a +0 pair of boots (worn)
 l - a +2 helmet (worn)
 I - a +2 pair of gloves (worn)
Jewellery
 j - a ring of protection from cold (right hand)
 J - an amulet of regeneration (around neck)
Wands
 p - a wand of iceblast (3/15)
 B - a wand of flame (18/48)
 D - a wand of confusion (30/48)
 G - a wand of disintegration (14/24)
Scrolls
 a - a scroll of identify
 i - 5 scrolls of remove curse
 k - 2 scrolls of magic mapping
 m - 3 scrolls of recharging
 n - 5 scrolls of teleportation {unknown}
 o - 3 scrolls of enchant armour {unknown}
 q - 2 scrolls of fear {unknown}
 t - a scroll of fog {unknown}
 x - 2 scrolls of immolation {unknown}
 y - a scroll of noise {unknown}
 z - 2 scrolls of enchant weapon {unknown}
 E - a scroll of random uselessness {unknown}
Potions
 g - 7 potions of blood
 s - 3 potions of haste
 u - 4 potions of flight {unknown}
 v - a potion of agility {unknown}
 w - 4 potions of might {unknown}
 A - 3 potions of berserk rage {unknown}
 C - a potion of heal wounds
 F - a potion of curing {unknown}
 K - a potion of lignification {unknown}


   Skills:
 + Level 6.9 Fighting
 + Level 8.8 Short Blades
 - Level 1.6 Throwing
 + Level 6.2 Armour
 - Level 1.1 Dodging
 - Level 8.1 Stealth
 - Level 2.2 Spellcasting
 - Level 5.0 Evocations


You had 13 spell levels left.
You didn't know any spells.

Dungeon Overview and Level Annotations

Branches:
Dungeon (8/15)             Temple (1/1) D:7
   Lair: D:8-11

Altars:
Ashenzari
Cheibriados
Dithmenos
Elyvilon
Fedhas
Makhleb
Nemelex Xobeh
Okawaru
Qazlal
Sif Muna
Trog
Xom
Yredelemnul
The Shining One

Shops:
D:4 (   D:5 *

Annotations:
D:8 exclusion: oklob plant


Innate Abilities, Weirdness & Mutations

You have razor-sharp teeth.
You have supernaturally acute eyesight. (SInv)
You can survive without breathing.


Message History

The oklob plant is lightly damaged.
You hit the oklob plant but do no damage.
The oklob plant is lightly damaged.
The oklob plant spits acid at you. The splash of acid hits you!
You are splashed with acid!
The acid burns!
You hit the oklob plant.
The oklob plant is lightly damaged.
You hit the oklob plant.
The oklob plant is lightly damaged.
You hit the oklob plant but do no damage.
The oklob plant is lightly damaged.
The oklob plant spits acid at you. The splash of acid hits you!
The acid corrodes you!
You are splashed with acid!
The acid burns!
* * * LOW HITPOINT WARNING * * *
The oklob plant spits acid at you. The splash of acid hits you!
* * * LOW HITPOINT WARNING * * *
You are splashed with acid!
The acid burns!
You die...

#.##.# #.##.#
##.##.## #.....[.
♣♣♣ ###..##.##
♣♣.♣♣♣♣.......## ♣♣
♣♣.♣.♣♣..#..##.##
♣P♣♣.♣.♣♣.♣##..##.##
♣$%@.♣♣.♣.♣ #......#
♣%_%♣♣♣♣.♣♣ #.###...
♣♣%$%♣♣.♣.♣ #.# ##.#
♣♣♣♣♣♣♣.♣♣ #.# ##.#
♣♣♣ #.###...
#.##....
#.#####...)... #>#
#.....#.##.... #.#
#.........


You could see an oklob plant.

Vanquished Creatures
  An oklob plant (D:8)
  Joseph (D:8)
  Grinder (D:6)
  2 hornets (D:7)
  A wyvern (D:7)
  2 sky beasts
  A necrophage (D:7)
  8 ogres
  2 phantoms
  4 bullfrogs
  A gnoll sergeant (D:7)
  A wyvern skeleton (D:8)
  A scorpion (D:4)
  A howler monkey (D:4)
  5 wights (D:7)
  4 crimson imps
  2 quasits
  2 hounds
  A bullfrog zombie (D:7)
  A centaur skeleton (D:5)
  2 jellies (D:7)
  6 orc wizards
  3 orc priests
  A centaur zombie (D:8)
  Jessica (D:2)
  2 iguanas
  6 worker ants
  A killer bee zombie (D:7)
  A hound skeleton (D:7)
  A mummy (D:7)
  17 adders
  15 gnolls
  3 shadow imps
  2 adder skeletons
  5 worms
  3 dart slugs (D:1)
  7 leopard geckos
  33 orcs
  3 giant cockroaches
  5 goblins
  5 hobgoblins
  12 jackals
  4 quokkas
  6 bats
  3 frilled lizards
  A jackal skeleton (D:5)
  7 kobolds
  A leopard gecko skeleton (D:6)
  10 rats
208 creatures vanquished.

Vanquished Creatures (others)
  2 withered plants (D:7)
2 creatures vanquished.

Grand Total: 210 creatures vanquished

Notes
Turn   | Place    | Note
-------+----------+-------------------------------------------
     0 | D:1      | KarmaPolice the Vampire Assassin began the quest for the Orb.
     0 | D:1      | Reached XP level 1. HP: 16/16 MP: 1/1
   313 | D:1      | Reached XP level 2. HP: 22/22 MP: 2/2
   888 | D:2      | Reached skill level 1 in Armour
   888 | D:2      | Reached XP level 3. HP: 27/27 MP: 3/3
  1436 | D:2      | Reached XP level 4. HP: 32/33 MP: 4/4
  1477 | D:2      | Noticed Jessica
  1499 | D:2      | Killed Jessica
  1716 | D:3      | Reached XP level 5. HP: 15/39 MP: 5/5
  2446 | D:4      | Found a white marble altar of Elyvilon.
  2517 | D:4      | Got a smelly leather armour
  2587 | D:4      | Found Kyaneh's Weapon Shop.
  2646 | D:4      | Reached XP level 6. HP: 47/47 MP: 6/6
  2979 | D:4      | Identified the cursed +0 leather armour of Dupu {+Inv +Fly rCorr Str-4} (You found it on level 4 of the Dungeon)
  3782 | D:5      | Entered Level 5 of the Dungeon
  4516 | D:4      | Reached XP level 7. HP: 40/52 MP: 6/8
  4597 | D:4      | Reached skill level 5 in Short Blades
  4625 | D:4      | Reached skill level 1 in Spellcasting
  5107 | D:5      | HP: 2/53 [worm (8)]
  6115 | D:5      | Found Eneug's General Store.
  6123 | D:5      | Bought a potion of heal wounds for 60 gold pieces
  6123 | D:5      | Bought a scroll of identify for 24 gold pieces
  6544 | D:6      | Reached XP level 8. HP: 61/61 MP: 11/11
  6642 | D:6      | Reached skill level 1 in Evocations
  7211 | D:6      | Noticed Grinder
  7230 | D:6      | Paralysed by Grinder for 2 turns
  7242 | D:6      | Killed Grinder
  7242 | D:6      | Reached skill level 5 in Fighting
  7694 | D:6      | Found a burning altar of Makhleb.
  7705 | D:6      | Found a shimmering altar of Xom.
  8465 | D:7      | Reached XP level 9. HP: 24/68 MP: 12/12
  9047 | D:7      | Found a white marble altar of Elyvilon.
 10382 | D:6      | Reached skill level 5 in Armour
 13812 | D:7      | HP: 2/69 [hornet (11)]
 14415 | D:7      | Found a staircase to the Ecumenical Temple.
 14429 | Temple   | Entered the Ecumenical Temple
 14920 | D:8      | Reached skill level 5 in Evocations
 14920 | D:8      | Reached XP level 10. HP: 77/77 MP: 13/13
 14939 | D:8      | Noticed Joseph
 15025 | D:8      | Killed Joseph
 15190 | D:8      | Found a blossoming altar of Fedhas.
 15193 | D:8      | Noticed an oklob plant
 15193 | D:8      | Noticed an oklob plant
 15195 | D:8      | Killed an oklob plant
 15207 | D:8      | Splashed by an oklob plant's acid

Vault maps used:
D:1:      moated_graveyard_arrival
D:2:      uniq_jessica
D:3:      first_bread
D:4:      nicolae_overflow_crystal_walls, serial_shops, nicolae_shop_crystal
D:5:      serial_shops, shop
D:6:      grunt_temple_overflow_champion_of_chaos, serial_glass,
          glass_columns_c, glass_columns_a, due_unseen_surprise,
          item_on_display_a, minmay_strange_pillars, item_on_display_a,
          uniq_grinder
D:7:      serial_undead, serial_undead_b, serial_undead_e, serial_undead_f,
          serial_undead_e, grunt_ogre_cave, elyvilon_altar_1
D:8:      hangedman_tree_tricks, uniq_joseph
Temple:   cyrus_temple_forest

Skill      XL: |  1  2  3  4  5  6  7  8  9 10 |
---------------+-------------------------------+-----
Stealth        | 6 7 8 |  8.1
Fighting       | 2 3 4 5 6 |  6.9
Armour         | 1 2 3 4 5 6 |  6.2
Short Blades   | 3 4 5 6 8 |  8.8
Spellcasting   | 2 |  2.2
Evocations     | 3 5 |  5.0
Throwing       | |  1.6
Dodging        | |  1.1

Action                   |  1- 3 |  4- 6 |  7- 9 | 10-12 || total
-------------------------+-------+-------+-------+-------++-------
Melee: Dagger            |    87 |   221 |   946 |    34 ||  1288
       Bite              |     7 |    25 |   125 |     4 ||   161
       Unarmed           |       |       |     1 |       ||     1
 Fire: Blowgun           |       |     3 |    42 |    14 ||    59
 Abil: End Transformatio |       |     1 |    14 |     1 ||    16
       Bat Form          |       |     1 |    14 |     1 ||    16
Evoke: Wand              |       |       |     4 |       ||     4
  Use: Potion            |       |     2 |    13 |     2 ||    17
       Scroll            |       |     1 |     6 |       ||     7
 Stab: Sleeping          |    10 |    13 |    25 |     1 ||    49
       Distracted        |     1 |     4 |     1 |       ||     6
       Confused          |       |       |     1 |       ||     1
  Eat: Corpse            |       |     3 |     6 |       ||     9
Armor: Robe              |    26 |    32 |   136 |     4 ||   198
Dodge: Dodged            |    46 |    87 |   319 |     6 ||   458
